| TOP OF THE 1ST |
|
Connecticut Tigers batting - Pitching for Tri-City ValleyCats : RHP Shitoshi Sai
|
|
Pitching: RHP Shitoshi Sai
|
|
|
Batting: RHB Seth Fox
|
0-0: Called Strike 0-1: Ball 1-1: Ball 2-1: Swinging Strike 2-2: Strikes out swinging
|
|
Batting: RHB Tony Nunez
|
0-0: Ball 1-0: Called Strike 1-1: Ground out 5-3 (Groundball, 56, EV 93.1 MPH)
|
|
Batting: LHB Jon Pedlar
|
0-0: Called Strike 0-1: Ball 1-1: Foul Ball, location: 2F 1-2: Strikes out swinging
|
| Top of the 1st over - 0 runs, 0 hits, 0 errors, 0 left on base; Connecticut 0 - Tri-City 0 |
| BOTTOM OF THE 1ST |
|
Tri-City ValleyCats batting - Pitching for Connecticut Tigers : RHP Neel Verhelst
|
|
Pitching: RHP Neel Verhelst
|
|
|
Batting: RHB Omar Amaya
|
0-0: Ground out 6-3 (Groundball, 6, EV 85.0 MPH)
|
|
Batting: LHB Lou Toth
|
0-0: Ball 1-0: Ball 2-0: Foul Ball, location: 2F 2-1: Foul Ball, location: 2F 2-2: SINGLE (Groundball, 6M, EV 80.6 MPH) (infield hit)
|
|
Batting: LHB Wade Girard
|
0-0: Called Strike Lou Toth steals 2nd base (no throw) 0-1: Called Strike 0-2: Strikes out swinging
|
|
Batting: RHB Josh Broome
|
0-0: Ball 1-0: Ball 2-0: Foul Ball, location: 2F 2-1: Foul Ball, location: 2F 2-2: SINGLE (Groundball, 56D, EV 98.8 MPH) Lou Toth to third Runner from 3rd tries for Home, SAFE, throw by LF to home
|
|
Batting: RHB Roger Pelley
|
0-0: Called Strike Josh Broome steals 2nd base 0-1: Ball 1-1: Ball 2-1: SINGLE (Groundball, 4MD, EV 110.6 MPH) Josh Broome to third Runner from 3rd tries for Home, throw by CF and OUT! 8-2
|
| Bottom of the 1st over - 1 run, 3 hits, 0 errors, 1 left on base; Connecticut 0 - Tri-City 1 |
| TOP OF THE 2ND |
|
Connecticut Tigers batting - Pitching for Tri-City ValleyCats : RHP Shitoshi Sai
|
|
Batting: SHB Ronnie Lundy
|
0-0: Ball 1-0: Ball 2-0: Called Strike 2-1: SINGLE (Groundball, 34D, EV 98.1 MPH)
|
|
Batting: RHB Yaremka Rzhevsky
|
0-0: Ball 1-0: Grounds into double play, 5-4-3 (Groundball, 5, EV 88.1 MPH)
|
|
Batting: LHB Ryan Adams
|
0-0: Ball 1-0: Ball 2-0: Called Strike 2-1: Foul Ball, location: 2F 2-2: Ground out 4-3 (Groundball, 4, EV 81.9 MPH)
|
| Top of the 2nd over - 0 runs, 1 hit, 0 errors, 0 left on base; Connecticut 0 - Tri-City 1 |
| BOTTOM OF THE 2ND |
|
Tri-City ValleyCats batting - Pitching for Connecticut Tigers : RHP Neel Verhelst
|
|
Batting: RHB Hugo Priego
|
0-0: Called Strike 0-1: Ball 1-1: Ground out 5-3 (Groundball, 56, EV 107.5 MPH)
|
|
Batting: RHB John Moore
|
0-0: Foul Ball, location: 2F 0-1: Called Strike 0-2: DOUBLE (Groundball, 5L, EV 94.4 MPH)
|
|
Batting: RHB Keith Goodwin
|
0-0: Called Strike 0-1: Ball Wild Pitch! John Moore to third 1-1: Foul Ball, location: 2F 1-2: Foul Ball, location: 2F 1-2: Ball 2-2: Ball 3-2: SINGLE (Groundball, 6D, EV 102.5 MPH) John Moore scores
|
|
Batting: LHB Lu-po-teh Zhou
|
0-0: Ball 1-0: Called Strike 1-1: Fielders Choice at 2nd, 4-6 (Groundball, 4, EV 87.5 MPH)
|
|
Batting: RHB Omar Amaya
|
0-0: Ball 1-0: Ball 2-0: Foul Ball, location: 2F 2-1: Ball Wild Pitch! Lu-po-teh Zhou to second 3-1: Called Strike 3-2: Base on Balls
|
|
Batting: LHB Lou Toth
|
0-0: Ball 1-0: Called Strike 1-1: Foul Ball, location: 2F 1-2: Ball 2-2: Strikes out swinging
|
| Bottom of the 2nd over - 1 run, 2 hits, 0 errors, 2 left on base; Connecticut 0 - Tri-City 2 |
| TOP OF THE 3RD |
|
Connecticut Tigers batting - Pitching for Tri-City ValleyCats : RHP Shitoshi Sai
|
|
Batting: LHB Glen Boyle
|
0-0: Ground out 6-3 (Groundball, 6M, EV 111.2 MPH)
|
|
Batting: LHB Iestyn Peacock
|
0-0: Called Strike 0-1: Ball 1-1: Ball 2-1: Foul Ball, location: 2F 2-2: Ball 3-2: Foul Ball, location: 2F 3-2: Foul Ball, location: 2F 3-2: Foul Ball, location: 2F 3-2: Foul Ball, location: 2F 3-2: Strikes out swinging
|
|
Batting: LHB Zach Rose
|
0-0: Called Strike 0-1: Swinging Strike 0-2: Ball 1-2: SINGLE (Groundball, 5D, EV 102.5 MPH)
|
|
Batting: RHB Seth Fox
|
0-0: Ball 1-0: Foul Ball, location: 2F 1-1: Fly out, F7 (Line Drive, 78M, EV 92.5 MPH)
|
| Top of the 3rd over - 0 runs, 1 hit, 0 errors, 1 left on base; Connecticut 0 - Tri-City 2 |
| BOTTOM OF THE 3RD |
|
Tri-City ValleyCats batting - Pitching for Connecticut Tigers : RHP Neel Verhelst
|
|
Batting: LHB Wade Girard
|
0-0: Ball 1-0: Ball 2-0: Swinging Strike 2-1: Ball 3-1: Foul Ball, location: 2F 3-2: Base on Balls
|
|
Batting: RHB Josh Broome
|
0-0: Foul Ball, location: 2F 0-1: Ball 1-1: Called Strike 1-2: Ball 2-2: Fly out, F6 (Popup, 6M, EV 50.6 MPH)
|
|
Batting: RHB Roger Pelley
|
0-0: Called Strike 0-1: Ball 1-1: Ball 2-1: Ball 3-1: Called Strike 3-2: 2-RUN HOME RUN (Line Drive, 78XD, EV 110.6 MPH), Distance : 418 ft
|
|
Batting: RHB Hugo Priego
|
0-0: Ball 1-0: Called Strike 1-1: Ball 2-1: Swinging Strike 2-2: Ball 3-2: Ground out 4-3 (Groundball, 4, EV 83.1 MPH)
|
|
Batting: RHB John Moore
|
0-0: Ball 1-0: Called Strike 1-1: Swinging Strike 1-2: Ball 2-2: Strikes out swinging
|
| Bottom of the 3rd over - 2 runs, 1 hit, 0 errors, 0 left on base; Connecticut 0 - Tri-City 4 |
| TOP OF THE 4TH |
|
Connecticut Tigers batting - Pitching for Tri-City ValleyCats : RHP Shitoshi Sai
|
|
Batting: RHB Tony Nunez
|
0-0: Called Strike 0-1: Foul Ball, location: 2F 0-2: Ball 1-2: Foul Ball, location: 2F 1-2: Foul Ball, location: 2F 1-2: Strikes out swinging
|
|
Batting: LHB Jon Pedlar
|
0-0: Called Strike 0-1: Ball 1-1: Ball 2-1: Ball 3-1: Foul Ball, location: 2F 3-2: Base on Balls
|
|
Batting: SHB Ronnie Lundy
|
0-0: SINGLE (Groundball, 4D, EV 93.8 MPH) Jon Pedlar to second
|
|
Batting: RHB Yaremka Rzhevsky
|
0-0: Ball 1-0: SINGLE (Groundball, 6D, EV 94.4 MPH) Jon Pedlar to third Ronnie Lundy to second
|
|
Batting: LHB Ryan Adams
|
0-0: Ball 1-0: Called Strike 1-1: SINGLE (Groundball, 6MD, EV 95.0 MPH) Jon Pedlar scores Ronnie Lundy to third Yaremka Rzhevsky to second Throwing error, E8 Ronnie Lundy scores Yaremka Rzhevsky to third Ryan Adams to second
|
|
Batting: LHB Glen Boyle
|
0-0: Called Strike 0-1: Ball 1-1: Ball 2-1: Ball 3-1: Base on Balls
|
|
Batting: LHB Iestyn Peacock
|
0-0: Called Strike 0-1: Called Strike 0-2: Ball 1-2: Ball 2-2: Foul Ball, location: 2F 2-2: Ball 3-2: Strikes out swinging
|
|
Batting: LHB Zach Rose
|
0-0: Ball 1-0: Foul Ball, location: 2F 1-1: Foul Ball, location: 2F 1-2: Ground out U3 (Groundball, 34, EV 98.8 MPH)
|
| Top of the 4th over - 2 runs, 3 hits, 1 error, 3 left on base; Connecticut 2 - Tri-City 4 |
| BOTTOM OF THE 4TH |
|
Tri-City ValleyCats batting - Pitching for Connecticut Tigers : RHP Neel Verhelst
|
|
Batting: RHB Keith Goodwin
|
0-0: Ground out 6-3 (Groundball, 56, EV 100.6 MPH)
|
|
Batting: LHB Lu-po-teh Zhou
|
0-0: Swinging Strike 0-1: Ball 1-1: Ground out 6-3 (Groundball, 6MS, EV 64.4 MPH)
|
|
Batting: RHB Omar Amaya
|
0-0: Ball 1-0: SINGLE (Flyball, 5D, EV 87.5 MPH)
|
|
Batting: LHB Lou Toth
|
0-0: Ball Omar Amaya is caught stealing 2nd base 2-6
|
| Bottom of the 4th over - 0 runs, 1 hit, 0 errors, 0 left on base; Connecticut 2 - Tri-City 4 |
| TOP OF THE 5TH |
|
Connecticut Tigers batting - Pitching for Tri-City ValleyCats : RHP Shitoshi Sai
|
|
Batting: RHB Seth Fox
|
0-0: Ball 1-0: Foul Ball, location: 2F 1-1: Ball 2-1: Ball 3-1: Base on Balls
|
|
Pitching: LHP Shane Robinson
|
|
|
Batting: RHB Tony Nunez
|
0-0: Called Strike 0-1: Called Strike 0-2: Ball 1-2: Ball 2-2: Ball 3-2: Strikes out swinging
|
|
Batting: LHB Jon Pedlar
|
0-0: Ball Seth Fox steals 2nd base 1-0: Foul Ball, location: 2F 1-1: Foul Ball, location: 2F 1-2: Foul Ball, location: 2F 1-2: SINGLE (Groundball, 34D, EV 95.0 MPH) Seth Fox to third Runner from 3rd tries for Home, SAFE, throw by RF to home
|
|
Batting: SHB Ronnie Lundy
|
0-0: Called Strike 0-1: Swinging Strike 0-2: SINGLE (Line Drive, 4D, EV 101.2 MPH) Jon Pedlar to second
|
|
Batting: RHB Yaremka Rzhevsky
|
0-0: Ball 1-0: Swinging Strike 1-1: Fielders Choice at 2nd, 6-4 (Groundball, 6, EV 76.2 MPH) Jon Pedlar to third
|
|
Batting: LHB Ryan Adams
|
0-0: Ball 1-0: Called Strike 1-1: Swinging Strike 1-2: Ball 2-2: Ball 3-2: Strikes out looking
|
| Top of the 5th over - 1 run, 2 hits, 0 errors, 2 left on base; Connecticut 3 - Tri-City 4 |
| BOTTOM OF THE 5TH |
|
Tri-City ValleyCats batting - Pitching for Connecticut Tigers : RHP Neel Verhelst
|
|
Pitching: RHP Sho Sekine
|
|
|
Batting: LHB Lou Toth
|
0-0: Ball 1-0: SINGLE (Flyball, 56D, EV 90.6 MPH)
|
|
Batting: LHB Wade Girard
|
0-0: Ball Lou Toth steals 2nd base (no throw) 1-0: Called Strike Lou Toth steals 3rd base 1-1: Swinging Strike 1-2: Ball 2-2: Hit by Pitch
|
|
Batting: RHB Josh Broome
|
0-0: SINGLE (Groundball, 56, EV 105.6 MPH) Lou Toth scores Wade Girard to second
|
|
Batting: RHB Roger Pelley
|
0-0: Foul Ball, location: 2F 0-1: Ball 1-1: Called Strike 1-2: Ball 2-2: Strikes out swinging
|
|
Batting: RHB Hugo Priego
|
0-0: Called Strike 0-1: Foul Ball, location: 2F 0-2: Ball 1-2: Foul Ball, location: 2F 1-2: Strikes out swinging
|
|
Batting: RHB John Moore
|
0-0: Called Strike 0-1: Ball 1-1: Called Strike 1-2: Strikes out swinging
|
| Bottom of the 5th over - 1 run, 2 hits, 0 errors, 2 left on base; Connecticut 3 - Tri-City 5 |
| TOP OF THE 6TH |
|
Connecticut Tigers batting - Pitching for Tri-City ValleyCats : LHP Shane Robinson
|
|
Batting: LHB Glen Boyle
|
0-0: Ball 1-0: Ball 2-0: Ball 3-0: Swinging Strike 3-1: Foul Ball, location: 2F 3-2: Foul Ball, location: 2F 3-2: Strikes out swinging
|
|
Batting: LHB Iestyn Peacock
|
0-0: Ball 1-0: Swinging Strike 1-1: DOUBLE (Line Drive, 89M, EV 88.8 MPH)
|
|
Pinch Hitting: RHB Dustin Bursell
|
0-0: Ball 1-0: Fly out, F5 (Line Drive, 5, EV 70.6 MPH)
|
|
Batting: RHB Seth Fox
|
0-0: Ground out 4-3 (Groundball, 34, EV 109.4 MPH)
|
| Top of the 6th over - 0 runs, 1 hit, 0 errors, 1 left on base; Connecticut 3 - Tri-City 5 |
| BOTTOM OF THE 6TH |
|
Tri-City ValleyCats batting - Pitching for Connecticut Tigers : RHP Sho Sekine
|
|
Now at 3B: Dustin Bursell
|
|
|
Batting: RHB Keith Goodwin
|
0-0: Fly out, F4 (Popup, 4S, EV 69.4 MPH)
|
|
Batting: LHB Lu-po-teh Zhou
|
0-0: Foul Ball, location: 2F 0-1: Ball 1-1: Ball 2-1: Foul Ball, location: 2F 2-2: Strikes out swinging
|
|
Batting: RHB Omar Amaya
|
0-0: Called Strike 0-1: Ball 1-1: Foul Ball, location: 2F 1-2: Ball 2-2: Strikes out swinging
|
| Bottom of the 6th over - 0 runs, 0 hits, 0 errors, 0 left on base; Connecticut 3 - Tri-City 5 |
| TOP OF THE 7TH |
|
Connecticut Tigers batting - Pitching for Tri-City ValleyCats : LHP Shane Robinson
|
|
Pitching: LHP Jason Mitchell
|
|
|
Batting: RHB Tony Nunez
|
0-0: Swinging Strike 0-1: Ball 1-1: Called Strike 1-2: Foul Ball, location: 2F 1-2: Ball 2-2: Strikes out swinging
|
|
Batting: LHB Jon Pedlar
|
0-0: Swinging Strike 0-1: Ball 1-1: Called Strike 1-2: Ball 2-2: Strikes out swinging
|
|
Batting: SHB Ronnie Lundy
|
0-0: Foul Ball, location: 2F 0-1: Swinging Strike 0-2: Strikes out swinging
|
| Top of the 7th over - 0 runs, 0 hits, 0 errors, 0 left on base; Connecticut 3 - Tri-City 5 |
| BOTTOM OF THE 7TH |
|
Tri-City ValleyCats batting - Pitching for Connecticut Tigers : RHP Sho Sekine
|
|
Pitching: LHP Estêvão Cavadas
|
|
|
Batting: LHB Lou Toth
|
0-0: Ball 1-0: Called Strike 1-1: Called Strike 1-2: Strikes out swinging
|
|
Batting: LHB Wade Girard
|
0-0: Foul Ball, location: 2F 0-1: Called Strike 0-2: Foul Ball, location: 2F 0-2: Ball 1-2: Strikes out looking
|
|
Pitching: RHP Bert Hernandez
|
|
|
Batting: RHB Josh Broome
|
0-0: Called Strike 0-1: Called Strike 0-2: Ball 1-2: Strikes out swinging
|
| Bottom of the 7th over - 0 runs, 0 hits, 0 errors, 0 left on base; Connecticut 3 - Tri-City 5 |
| TOP OF THE 8TH |
|
Connecticut Tigers batting - Pitching for Tri-City ValleyCats : LHP Jason Mitchell
|
|
Batting: RHB Yaremka Rzhevsky
|
0-0: Swinging Strike 0-1: Swinging Strike 0-2: Strikes out swinging
|
|
Batting: LHB Ryan Adams
|
0-0: Ground out 4-3 (Groundball, 34, EV 92.5 MPH)
|
|
Batting: LHB Glen Boyle
|
0-0: Ground out 4-3 (Groundball, 4, EV 85.0 MPH)
|
| Top of the 8th over - 0 runs, 0 hits, 0 errors, 0 left on base; Connecticut 3 - Tri-City 5 |
| BOTTOM OF THE 8TH |
|
Tri-City ValleyCats batting - Pitching for Connecticut Tigers : RHP Bert Hernandez
|
|
Batting: RHB Roger Pelley
|
0-0: Fly out, F8 (Line Drive, 8LM, EV 104.4 MPH)
|
|
Batting: RHB Hugo Priego
|
0-0: Ball 1-0: Called Strike 1-1: Foul Ball, location: 2F 1-2: Strikes out swinging
|
|
Batting: RHB John Moore
|
0-0: Called Strike 0-1: Called Strike 0-2: Foul Ball, location: 2F 0-2: Strikes out looking
|
| Bottom of the 8th over - 0 runs, 0 hits, 0 errors, 0 left on base; Connecticut 3 - Tri-City 5 |
| TOP OF THE 9TH |
|
Connecticut Tigers batting - Pitching for Tri-City ValleyCats : LHP Jason Mitchell
|
|
Pitching: LHP Frank Vazquez
|
|
|
Batting: LHB Iestyn Peacock
|
0-0: Ball 1-0: Called Strike 1-1: Called Strike 1-2: Ball 2-2: Foul Ball, location: 2F 2-2: Strikes out looking
|
|
Batting: RHB Dustin Bursell
|
0-0: DOUBLE (Flyball, 89D, EV 95.0 MPH)
|
|
Batting: RHB Seth Fox
|
0-0: Ball 1-0: Ground out 6-3 (Groundball, 6, EV 106.9 MPH)
|
|
Batting: RHB Tony Nunez
|
0-0: Called Strike 0-1: Foul Ball, location: 2F 0-2: Ball 1-2: Foul Ball, location: 2F 1-2: Strikes out looking
|
| Top of the 9th over - 0 runs, 1 hit, 0 errors, 1 left on base; Connecticut 3 - Tri-City 5 |
|